 Dungeon Crawl Stone Soup version 0.28.0-45-g0d030f2227 (webtiles) character file.

Game seed: 11566040937790057393

2645 sking99 the Grappler (level 9, -7/89 HPs)
             Began as a Troll Monk on May 18, 2022.
             Was a Believer of Ru.
             Mangled by an orc warrior
             ... wielding a +0 trident
              (16 damage)
             ... on level 7 of the Dungeon.
             The game lasted 00:10:30 (5159 turns).

sking99 the Grappler (Troll Monk)                   Turns: 5159, Time: 00:10:31

Health: -7/89      AC:  5    Str: 31    XL:     9   Next: 35%
Magic:  8/8        EV: 10    Int:  6    God:    Ru [**....]
Gold:   321        SH:  0    Dex: 18    Spells: 8/8 levels left

rFire   . . .      SeeInvis .     - Unarmed
rCold   . . .      Faith    +   (no shield)
rNeg    . . .      Spirit   .   a - +1 robe
rPois   .          Reflect  .   (helmet restricted)
rElec   .          Harm     .   (no cloak)
rCorr   .          Rampage  .   (gloves unavailable)
Will    .....                   (boots unavailable)
Stlth   ++........              i - amulet of faith
HPRegen 1.04/turn               m - +6 ring of strength
MPRegen 0.11/turn               d - +6 ring of dexterity

@: slowed, very slow
A: large, unfitting armour, claws 3, regeneration 1, shaggy fur 1, tough skin 1,
inability to use devices
a: Renounce Religion


You were on level 7 of the Dungeon.
You worshipped Ru.
Ru was pleased with you.
You visited 2 branches of the dungeon, and saw 8 of its levels.
You also visited: Sewer.

You collected 321 gold pieces.

Inventory:

Missiles
 e - 11 atropa-tipped darts (quivered)
 g - a throwing net
 l - 10 poisoned darts
Armour
 a - a +1 robe (worn)
Jewellery
 b - a ring of willpower
 d - a +6 ring of dexterity (right claw)
 h - a ring of protection from fire
 i - an amulet of faith (around neck)
 m - a +6 ring of strength (left claw)
 r - a ring of positive energy
 v - a ring of ice
 w - an amulet of magic regeneration
Scrolls
 c - 3 scrolls of enchant weapon
 p - a scroll of fear
 x - a scroll of magic mapping {unknown}
Potions
 f - 2 potions of haste
 j - a potion of magic {unknown}
 k - a potion of berserk rage {unknown}
 n - a potion of invisibility {unknown}
 o - a potion of might {unknown}
 q - 3 potions of attraction {unknown}
 s - 3 potions of ambrosia {unknown}
 t - 2 potions of curing {unknown}
 u - a potion of mutation {unknown}


   Skills:
 + Level 5.9 Fighting
 + Level 5.5 Throwing
 - Level 2.4 Dodging
 - Level 1.0 Stealth
 * Level 9.7 Unarmed Combat


You had 8 spell levels left.
You didn't know any spells.
Your spell library contained the following spells:

 Spells                   Type           Power      Damage    Failure   Level
 Scorch                   Fire           0%         2d5       58%         2
 Static Discharge         Conj/Air       0%         N/A       58%         2
 Stone Arrow              Conj/Erth      0%         3d7       83%         3
 Airstrike                Air            0%         N/A       99%         4
 Animate Armour           Summ/Erth      0%         N/A       99%         4
 Dispel Undead            Necr           0%         3d6       99%         4
 Flame Wave               Conj/Fire      0%         2d4       99%         4
 Sticky Flame             Conj/Fire      0%         2d3       99%         4
 Summon Lightning Spire   Summ/Air       0%         N/A       99%         4
 Lightning Bolt           Conj/Air       0%         1d11      100%        5
 Summon Cactus Giant      Summ           0%         N/A       100%        6
 Lehudib's Crystal Spear  Conj/Erth      0%         10d2      100%        8


Dungeon Overview and Level Annotations

Branches:
Dungeon (7/15)             Temple (1/1) D:5           Sewer (visited)

Altars:
Ashenzari
Cheibriados
Dithmenos
Elyvilon
Fedhas
Gozag
Hepliaklqana
Kikubaaqudgha
Makhleb
Nemelex Xobeh
Okawaru
Qazlal
Ru
Sif Muna
Trog
Uskayaw
Vehumet
Wu Jian
Xom
Yredelemnul
Zin
The Shining One

Annotations:
D:3 1 runed translucent door, shugdite's ghost, weakling MiFi


Innate Abilities, Weirdness & Mutations

You are too large for most types of armour.
You have claws for hands.
Your natural rate of healing is unusually fast.
You are covered in fur. (AC +1)
You have tough skin. (AC +1)
You cannot study or use magical devices.


Message History

The orc wizard flickers and vanishes!
Deactivating autopickup; reactivate with Ctrl-A.
The kobold brigand throws a curare-tipped dart.
The curare-tipped dart hits you.
You are poisoned.
You have difficulty breathing.
You feel yourself slow down.
You feel extremely sick.
You feel very sick.
The kobold brigand throws a curare-tipped dart.
The curare-tipped dart hits you.
You are more poisoned.
You have difficulty breathing.
You feel as though you will be slow longer.
You feel extremely sick.
You feel very sick.
You feel very sick.
The kobold brigand throws a curare-tipped dart.
The curare-tipped dart hits you.
You are more poisoned.
You have difficulty breathing.
You feel as though you will be slow longer.
You feel extremely sick. The orc warrior barely misses you.
You feel very sick.
You feel very sick.
The kobold throws a poisoned dart.
The poisoned dart closely misses you.
The sentinel's mark upon you fades away.
You feel very sick. The orc warrior barely misses you.
You feel sick.
The orc warrior hits you from afar with a +0 trident.
* * * LOW HITPOINT WARNING * * *
You feel sick.
You feel sick.
The orc warrior hits you from afar with a +0 trident!
* * * LOW HITPOINT WARNING * * *
You feel sick.
You are no longer poisoned.
The orc warrior hits you from afar with a +0 trident!
You die...

...##.#.....#.............##
....
.#.............#.##..###
......................##
......#....###.........#
#.....##.....##........#
......##...#.<#.......## .
.##......####.#......## ..
..#####....###..........# ..
....#.....o.@...........# ..
..........##...........# #.
####..K.......###......# ..
###.###.o###....# #....###
..##.....#o###.....# ##..##
#..o.K..K.o.....#### ####
##..#.......##.##
...............##
................##


You could see an orc warrior, a kobold brigand and 2 orcs.

Vanquished Creatures
  Grinder (D:3)
  Sigmund (D:5)
  Menkaure (D:4)
  A water moccasin (Sewer)
  Duvessa (D:5)
  3 black bears
  A necrophage (D:5)
  3 ogres (D:5)
  2 centaurs
  A phantom (D:5)
  A kobold brigand (D:6)
  4 scorpions
  A wyvern skeleton (D:7)
  Dowan (D:5)
  5 wights (D:6)
  A bullfrog skeleton (D:4)
  2 orc priests
  3 hounds
  A jelly (D:6)
  2 iguanas
  An orc wizard (D:6)
  A howler monkey zombie (D:5)
  4 gnolls (D:2)
  7 adders
  A river rat (D:4)
  An ufetubus (D:4)
  A worm (D:2)
  2 dart slugs
  9 orcs
  4 endoplasms
  7 giant cockroaches
  5 goblins
  8 hobgoblins
  8 jackals
  8 kobolds
  7 quokkas
  4 ball pythons
  4 bats
  6 frilled lizards
  4 rats
128 creatures vanquished.

Notes
Turn   | Place    | Note
-------+----------+-------------------------------------------
     0 | D:1      | sking99 the Troll Monk began the quest for the Orb.
     0 | D:1      | Reached XP level 1. HP: 22/22 MP: 0/0
   320 | D:1      | Reached XP level 2. HP: 29/29 MP: 1/1
   847 | D:2      | Reached XP level 3. HP: 34/36 MP: 2/2
   949 | D:2      | Reached skill level 4 in Unarmed Combat
   954 | D:2      | Reached skill level 1 in Throwing
   954 | D:2      | Reached XP level 4. HP: 13/45 MP: 3/3
  1383 | D:3      | Noticed Grinder
  1394 | D:3      | Killed Grinder
  1395 | D:3      | Reached skill level 5 in Unarmed Combat
  1395 | D:3      | Reached XP level 5. HP: 37/53 MP: 4/4
  1395 | D:3      | Reached XP level 6. HP: 43/61 MP: 5/5
  1559 | D:3      | Found a glowing golden altar of the Shining One.
  1653 | D:3      | Found a faded altar of an unknown god.
  1743 | D:3      | Noticed shugdite's ghost (weakling MiFi)
  1749 | D:3      | Found a runed translucent door.
  2492 | D:4      | Found a glowing drain.
  2503 | Sewer    | Entered a sewer
  2561 | Sewer    | Noticed a water moccasin
  2568 | Sewer    | Killed a water moccasin
  2569 | Sewer    | Reached skill level 6 in Unarmed Combat
  2569 | Sewer    | Reached XP level 7. HP: 70/70 MP: 6/6
  2697 | D:4      | Noticed Menkaure
  2702 | D:4      | Killed Menkaure
  3146 | D:5      | Entered Level 5 of the Dungeon
  3164 | D:5      | Reached skill level 7 in Unarmed Combat
  3270 | D:5      | Reached XP level 8. HP: 72/79 MP: 7/7
  3318 | D:5      | Noticed Duvessa
  3324 | D:5      | Noticed Dowan
  3332 | D:5      | Killed Duvessa
  3347 | D:5      | Killed Dowan
  3500 | D:5      | Reached skill level 5 in Fighting
  3500 | D:5      | Reached skill level 8 in Unarmed Combat
  3556 | D:5      | Found a staircase to the Ecumenical Temple.
  3638 | Temple   | Entered the Ecumenical Temple
  3870 | Temple   | Became a worshipper of Ru the Awakened
  3888 | Temple   | Gained mutation: You cannot study or use magical devices.
                  | [Ru sacrifice]
  3888 | Temple   | Reached * piety under Ru
  3888 | Temple   | Reached ** piety under Ru
  3955 | D:5      | Noticed Sigmund
  3965 | D:5      | Killed Sigmund
  4327 | D:6      | Reached skill level 5 in Throwing
  4446 | D:6      | Reached skill level 9 in Unarmed Combat
  4446 | D:6      | Reached XP level 9. HP: 80/88 MP: 8/8
  5159 | D:7      | Mangled by an orc warrior

Illustrated notes

Levels and vault maps discovered:
D:1:      minmay_arrival_wavy_path, layout_basic, patterned_corridor
D:2:      layout_basic
D:3:      layout_loops_ring, tso_metal_star, hellmonk_ghost_happy_afterlife,
          chequers_ecumenical_altar_grove, chequers_serial_rivers_large_b,
          uniq_crazy_yiuf_cottage, uniq_grinder
D:4:      layout_basic, gup_sewer_entry_bubbles, uniq_menkaure
D:5:      layout_loops_ring, minmay_temple_entry_offerings, uniq_sigmund,
          uniq_duvessa
D:6:      layout_basic
D:7:      layout_cave_pools, hangedman_decor_diamond_cutter
Temple:   mainiacjoe_temple_hex_bubbles

Skill      XL: |  1  2  3  4  5  6  7  8 |
---------------+-------------------------+-----
Unarmed Combat | 4 5 6 7 9 |  9.7
Fighting       | 3 4 5 |  5.9
Throwing       | 1 2 3 5 |  5.5
Dodging        | |  2.4
Stealth        | |  1.0

Action                   |  1- 3 |  4- 6 |  7- 9 || total
-------------------------+-------+-------+-------++-------
Melee: Unarmed           |    65 |    96 |   154 ||   315
       Punch             |     2 |       |     7 ||     9
Throw: Dart              |       |     1 |     1 ||     2
Invok: Sacrifice Artific |       |       |     1 ||     1
  Use: Scroll            |       |     4 |     3 ||     7
       Potion            |       |       |     1 ||     1
 Stab: Sleeping          |     3 |     3 |     2 ||     8
       Invisible         |       |     1 |       ||     1
Armor: Robe              |    14 |    24 |    28 ||    66
Dodge: Dodged            |    41 |    53 |    88 ||   182
